AoeStats
← Sheikhbhoy

MegaRandom

505473600Analyzed
2v2 RM · 23d ago on Sep 9, 2026· 45m 7s· 4 players
Game mode
Random Map
Map size
Medium (4 player)
Population
200
Speed
Normal
Resources
Standard
Victory
Conquest
Starting age
Dark Age
Ending age
Imperial Age
RankedLock teamsTeams togetherTeam positionsShared explorationLock speedFull tech treeHidden civsTurbo modeCheats
Victory
Defeat
🇩🇪 Armenians · Germany
806
+18
🇹🇷 Cumans · Türkiye
773
+20
🇦🇷 Spanish · Argentina
879
-20
🇺🇸 Burgundians · United States
826
-36
opcin
9:58 Feudal Age
10:28 Horse Collar
10:39 Double-Bit Axe
11:00 Stone Mining
11:00 Gold Mining
12:57 Wheelbarrow
12:09 Town Watch
17:19 Castle Age
19:14 Bow Saw
19:08 Heavy Plow
20:40 Gold Shaft Mining
22:01 Hand Cart
21:46 Town Patrol
21:32 Loom
26:32 Imperial Age
26:28 Ballistics
26:44 Steppe Husbandry
28:17 Two-Man Saw
27:52 Crop Rotation
28:37 Chemistry
28:02 Steppe Husbandry
28:26 Conscription
28:43 Hoardings
29:17 Padded Archer Armor
29:08 Fletching
28:49 Elite Skirmisher
29:35 Thumb Ring
31:33 Elite Kipchak
34:12 Sappers
36:27 Guilds
37:30 Leather Archer Armor
37:11 Bodkin Arrow
37:20 Scale Mail Armor
37:30 Forging
37:26 Cuman Mercenaries
38:20 Parthian Tactics
42:52 Ring Archer Armor
David Ygra
2:30 Loom
10:56 Feudal Age
12:15 Double-Bit Axe
14:15 Man-at-Arms
14:16 Pikeman
16:12 Horse Collar
16:28 Gold Mining
21:47 Wheelbarrow
23:57 Castle Age
22:37 Forging
22:28 Scale Mail Armor
22:19 Fletching
24:14 Long Swordsman
24:19 Halberdier
25:00 Squires
26:25 Bloodlines
25:58 Two-Handed Swordsman
26:28 Gambesons
26:32 Arson
32:53 Imperial Age
30:10 Town Watch
32:08 Elite Skirmisher
35:47 Husbandry
35:11 Cavalier
37:47 Guilds
39:26 Bodkin Arrow
39:32 Padded Archer Armor
39:38 Scale Barding Armor
41:32 Bracer
41:49 Leather Archer Armor
41:50 Masonry
42:02 Ballistics
42:36 Chain Barding Armor
42:53 Iron Casting
44:32 Chain Mail Armor
44:50 Ring Archer Armor
44:19 Murder Holes
45:29 Chemistry
Sheikhbhoy
4:10 Loom
8:20 Wheelbarrow
11:38 Feudal Age
10:00 Double-Bit Axe
13:51 Hand Cart
13:51 Bow Saw
13:37 Stone Mining
13:41 Gold Mining
19:38 Stone Shaft Mining
22:12 Horse Collar
25:28 Castle Age
28:48 Crossbowman
29:08 Cavalier
29:49 Husbandry
31:02 Squires
33:59 Gold Shaft Mining
40:38 Imperial Age
40:20 Elite Skirmisher
43:17 Ballistics
Jose Romero9022
9:39 Feudal Age
22:30 Castle Age
22:38 Castle Age
20:05 Man-at-Arms
21:27 Gold Mining
21:27 Stone Mining
23:53 Horse Collar
31:48 Double-Bit Axe
37:53 Scale Barding Armor
Connection lost

Rejoining the realm…

Still unreachable

The connection could not be restored.

Session expired

The server has moved on; the page needs a fresh start.